 Dungeon Crawl Stone Soup version 0.28-a0-1486-g8196b01e9b (webtiles) character file.

Game seed: 430251364881361245

105 Cheeritup the Conjurer (level 4, 0/36 HPs)
             Began as a Draconian Conjurer on Jan 12, 2022.
             Killed from afar by an orc wizard (4 damage)
             ... with a puff of flame
             ... on level 2 of the Dungeon.
             The game lasted 00:06:57 (2548 turns).

Cheeritup the Conjurer (Draconian Conjurer)         Turns: 2548, Time: 00:06:58

Health: 0/36       AC:  5    Str:  9    XL:     4   Next: 53%
Magic:  0/8        EV: 12    Int: 21    God:
Gold:   60         SH:  0    Dex:  9    Spells: 5/8 levels left

rFire   . . .      SeeInvis .   f - +0 trident
rCold   . . .      Faith    .   (no shield)
rNeg    . . .      Spirit   .   (armour unavailable)
rPois   .          Reflect  .   (helmet restricted)
rElec   .          Harm     .   (no cloak)
rCorr   .          Rampage  .   (no gloves)
Will    +....                   (no boots)
Stlth   ++........              (no amulet)
HPRegen 0.12/turn               a - ring of willpower
MPRegen 0.11/turn               (no ring)

@: no status effects
A: AC +5, unfitting armour, cold-blooded
a: no special abilities


You were on level 2 of the Dungeon.
You visited 1 branch of the dungeon, and saw 3 of its levels.

You collected 60 gold pieces.

Inventory:

Hand Weapons
 f - a +0 trident (weapon)
Jewellery
 a - a ring of willpower (left hand)
Scrolls
 b - a scroll of enchant armour {unknown}
 d - a scroll of fear {unknown}
 e - 2 scrolls of noise {unknown}
 g - a scroll of identify {unknown}
 h - a scroll of blinking {unknown}
 j - a scroll of silence {unknown}
Potions
 c - a potion of might {unknown}
 i - a potion of curing {unknown}
 k - a potion of resistance {unknown}


   Skills:
 + Level 2.1 Fighting
 - Level 1.7 Dodging
 - Level 1.7 Stealth
 + Level 2.7 Spellcasting
 + Level 4.6 Conjurations
 + Level 0.5 Hexes
 - Level 1.0 Air Magic
 - Level 1.0 Poison Magic


You had 5 spell levels left.
You knew the following spells:

 Your Spells              Type           Power      Damage    Failure   Level
a - Magic Dart            Conj           88%        1d7       1%          1
b - Searing Ray           Conj           44%        2d6       3%          2

Your spell library contained the following spells:

 Spells                   Type           Power      Damage    Failure   Level
 Poisonous Vapours        Pois/Air       14%        N/A       14%         2
 Dazzling Flash           Conj/Hex       26%        N/A       14%         3
 Corpse Rot               Necr/Air       10%        N/A       17%         2
 Fulminant Prism          Conj/Hex       6%         3d7       43%         4
 Iskenderun's Mystic Bla  Conj/Tloc      12%        2d5       47%         4


Dungeon Overview and Level Annotations

Branches:
Dungeon (3/15)

Altars:
Yredelemnul

Annotations:
D:2 1 runed translucent door, Crazy Yiuf


Innate Abilities, Weirdness & Mutations

Your plain brown scales are hard. (AC +5)
You cannot fit into any form of body armour.
You are cold-blooded and may be slowed by cold attacks.


Message History

Press: ? - help, Shift-Dir - straight line, f - orc wizard
Aim: an orc wizard, wielding a +0 dagger and wearing a +0 robe (fast, 72% to hit)
The searing ray hits the orc wizard!
The orc wizard is heavily wounded. (Press . to maintain the ray.)
The orc wizard hits you but does no damage.
The searing ray hits the orc wizard but does no damage.
The orc wizard is heavily wounded.
The orc wizard hits you but does no damage.
The orc wizard hits you with a +0 dagger.
Without enough magic to sustain it, your searing ray dissipates.
The orc wizard hits you with a +0 dagger.
You are too injured to fight recklessly!
Aiming: Magic Dart (safe; 1% risk of failure)
Press: ? - help, Q - select action, (/) - cycle Shift-Dir - straight line, f/p - orc wizard
Aim: an orc wizard, wielding a +0 dagger and wearing a +0 robe (heavily wounded, fast, 100% to hit)
The magic dart hits the orc wizard but does no damage.
The orc wizard is heavily wounded.
The orc wizard points at you and mumbles some strange words.
The puff of flame misses you. The orc wizard casts a spell at you.
The magic dart hits you.
* * * LOW HITPOINT WARNING * * *
You miss the orc wizard.
Your tail-slap misses the orc wizard.
The orc wizard is heavily wounded.
The orc wizard completely misses you.
The orc wizard hits you but does no damage.
You hit the orc wizard but do no damage.
The orc wizard is heavily wounded.
The orc wizard barely misses you.
You hit the orc wizard but do no damage.
The orc wizard is heavily wounded.
The orc wizard barely misses you. The orc wizard closely misses you.
You barely miss the orc wizard.
The orc wizard is heavily wounded.
The orc wizard hits you with a +0 dagger.
* * * LOW HITPOINT WARNING * * *
The orc wizard points at you and mumbles some strange words.
The puff of flame hits you.
You die...

#...........<.......###.###......
#............#............#.####.
#....#.......#......######### #.
#....#.......#..............# #.
#....#...............######.####.
######...............#...........
#####................#.####.#####
...##................#.# #.#
##.##..........o@....#.# #.#
.#.##..............#.#.# #.#
.#.##................#.# #.#
.#.####....#.......###.# #.#
##.##.[............# #.# #.#
...##..............# #.# #.#
##.##..............# #.# #.#
.#.##..............###.# #.#
##.####..........†.....# #.#


You could see an orc wizard (fast).

Vanquished Creatures
  An orc wizard (D:3)
  4 adders (D:2)
  A worm (D:2)
  2 ball pythons (D:1)
  2 endoplasms
  2 giant cockroaches
  8 goblins
  5 hobgoblins
  A quokka (D:1)
  3 bats
  2 frilled lizards (D:1)
  5 kobolds
  5 rats
41 creatures vanquished.

Notes
Turn   | Place    | Note
-------+----------+-------------------------------------------
     0 | D:1      | Cheeritup the Draconian Conjurer began the quest for the
                  | Orb.
     0 | D:1      | Reached XP level 1. HP: 14/14 MP: 3/3
   365 | D:1      | Reached skill level 1 in Fighting
   365 | D:1      | Reached XP level 2. HP: 23/23 MP: 3/5
   368 | D:1      | Learned a level 2 spell: Searing Ray
  1206 | D:2      | Reached XP level 3. HP: 28/28 MP: 0/6
  1381 | D:2      | Reached skill level 1 in Poison Magic
  1390 | D:2      | Reached skill level 1 in Air Magic
  1557 | D:2      | Reached XP level 4. HP: 36/36 MP: 3/7
  2427 | D:2      | Found a runed translucent door.
  2428 | D:2      | Noticed Crazy Yiuf
  2479 | D:3      | Found a basalt altar of Yredelemnul.
  2548 | D:2      | Killed from afar by an orc wizard

Illustrated notes

Levels and vault maps discovered:
D:1:      eino_arrival_cavern_b, layout_loops_ring
D:2:      mumra_celtic_spiral_tile, layout_basic, kennysheep_pointless_box,
          uniq_crazy_yiuf_cottage
D:3:      layout_basic, yredelemnul_altar_generic,
          hellmonk_ecumenical_altar_inner_sanctum, uniq_grinder

Skill      XL: |  1  2  3  4 |
---------------+-------------+-----
Fighting       | 1 2 |  2.1
Poison Magic   | 1 |  1.0
Air Magic      | 1 |  1.0
Dodging        | |  1.7
Stealth        | |  1.7
Spellcasting   | |  2.7
Conjurations   | |  4.6
Hexes          | |  0.5

Action                   |  1- 3 |  4- 6 || total
-------------------------+-------+-------++-------
Melee: Trident           |     2 |     6 ||     8
 Cast: Magic Dart        |    61 |    19 ||    80
       Searing Ray       |       |     2 ||     2
Armor: Skin              |     2 |    10 ||    12
Dodge: Dodged            |     9 |    11 ||    20

Table legend: (Time is in decaauts)
 A = Elapsed time spent in this place.
 B = Non-inter-level travel time spent in this place.
 C = Inter-level travel time spent in this place.
 D = Time resting spent in this place.
 E = Time spent auto-exploring this place.
 F = Levels seen in this place.
 G = Mean time per level.
                   A        B        C        D        E       F      G
               +--------+--------+--------+--------+--------+-----+--------+
         Total |   2552 |   2471 |     81 |      0 |   2215 |   3 |  850.7 |
       Dungeon |   2552 |   2471 |     81 |      0 |   2215 |   3 |  850.7 |
               +--------+--------+--------+--------+--------+-----+--------+

Top non-repeatable levels by time:
     D:2: 1438 daAuts
     D:1: 1051 daAuts
     D:3: 62 daAuts
